 Dungeon Crawl Stone Soup version 0.31.0-12-g77e489cdc1 (webtiles) character file.

Game seed: 6086285340789560733

5252 gohu the Thaumaturge (level 10, -2/67 HPs)
             Began as a Djinni Fire Elementalist on Mar 7, 2024.
             Was a Priest of Makhleb.
             Slain by a komodo dragon (13 damage)
             ... on level 8 of the Dungeon.
             The game lasted 00:26:41 (9225 turns).

gohu the Thaumaturge (Djinni Fire Elementalist)     Turns: 9225, Time: 00:26:41

Health: -2/67      AC:  7    Str:  7    XL:     10   Next: 93%
Gold:   530        EV: 11    Int: 21    God:    Makhleb [***...] SH:  5 Dex: 14

rFire   + . .        P - +1 demon whip (venom)
rCold   . . .        J - +0 buckler
rNeg    . . .        N - +0 robe {Will+}
rPois   ∞            c - +0 helmet
rElec   .            t - scarf {shadows}
rCorr   .            (no gloves)
SInv    .            (boots unavailable)
Will    ++...        A - amulet of faith
Stlth   ++           g - +4 ring of protection
HPRegen 0.31/turn    k - ring of ice
MPRegen 0.00/turn

%: faith, infuse magic (-3 HP)
@: flying, slowed, very slow
A: sickness immunity, fire resistance 2, cold vulnerability 1, float, innate
caster, HP casting, extra vitality 1
a: Renounce Religion, Minor Destruction, Lesser Servant of Makhleb


You were on level 8 of the Dungeon.
You worshipped Makhleb.
Makhleb was most pleased with you.
You visited 2 branches of the dungeon, and saw 9 of its levels.
You also visited: Ossuary.

You collected 530 gold pieces.

Inventory:

Hand Weapons
 w - a +3 dagger of electrocution
 H - a +2 trident of venom
 P - a +1 demon whip of venom (weapon)
Missiles
 j - 5 javelins
 u - 6 boomerangs
 K - a throwing net
Armour
 a - a +0 robe
 c - a +0 helmet (worn)
 n - a +0 helmet
 t - a scarf of shadows (worn)
 J - a +0 buckler (worn)
 N - a +0 robe of willpower (worn)
Jewellery
 g - a +4 ring of protection (left hand)
 k - a ring of ice (right hand)
 l - an amulet of the acrobat
 p - a ring of willpower
 v - a ring of protection from cold
 z - a ring of fire
 A - an amulet of faith (around neck)
 L - a ring of wizardry
 O - a ring of see invisible
Wands
 r - a wand of charming (10)
 M - a wand of quicksilver (6)
Scrolls
 b - 2 scrolls of enchant weapon
 d - 19 scrolls of identify {unknown}
 f - 3 scrolls of revelation
 o - 2 scrolls of amnesia {unknown}
 q - a scroll of noise {unknown}
 s - 5 scrolls of teleportation {unknown}
 y - a scroll of summoning {unknown}
 F - a scroll of torment {unknown}
Potions
 e - 4 potions of lignification {unknown}
 h - 3 potions of haste {unknown}
 i - 4 potions of heal wounds
 m - 5 potions of curing {unknown}
 x - 4 potions of cancellation {unknown}
 B - a potion of brilliance {unknown}
 C - 2 potions of might {unknown}
 D - 2 potions of attraction {unknown}
 E - 3 potions of ambrosia {unknown}
 G - 2 potions of mutation {unknown}
 I - a potion of enlightenment {unknown}


   Skills:
 + Level 3.2 Fighting
 + Level 3.2 Armour
 - Level 2.1 Dodging
 - Level 1.5 Stealth
 + Level 3.2 Shields
 + Level 11.2 Spellcasting
 + Level 11.2 Conjurations
 + Level 11.2 Hexes
 + Level 11.2 Summonings
 + Level 11.2 Necromancy
 + Level 11.2 Translocations
 + Level 11.2 Fire Magic
 + Level 11.2 Ice Magic
 + Level 11.2 Air Magic
 + Level 11.2 Earth Magic
 + Level 11.2 Alchemy
 + Level 3.2 Invocations


You knew the following spells:

 Your Spells              Type           Power      Damage    Failure   Level
a - Foxfire               Conj/Fire      100%       2x1d9     1%          1
b - Scorch                Fire           100%       2d9       1%          2
c - Volatile Blastmotes   Fire/Tloc      100%       2d18      1%          3
d - Inner Flame           Hex/Fire       56%        N/A       1%          3
e - Flame Wave            Conj/Fire      56%        2d13      1%          4
f - Shock                 Conj/Air       100%       1d9       1%          1
g - Static Discharge      Conj/Air       100%       3-8/arc   1%          2
h - Tukima's Dance        Hex            56%        N/A       1%          3
i - Summon Blazeheart Go  Fire/Summ      56%        N/A       1%          4
Your spell library was empty.

Dungeon Overview and Level Annotations

Branches:
Dungeon (8/15)             Temple (1/1) D:4         Ossuary (visited)
   Lair: D:8-11

Altars:
Ashenzari
Cheibriados
Dithmenos
Elyvilon
Fedhas
Gozag
Makhleb
Nemelex Xobeh
Okawaru
Ru
Trog
Uskayaw
Wu Jian
Xom
Yredelemnul
Zin
The Shining One

Shops:
D:7 (

Annotations:
D:6 3 runed translucent doors, diceflayer's ghost, novice DsFi


Innate Abilities, Weirdness & Mutations

You are immune to sickness and miasma.
You are immune to poison.
Your flesh is very heat resistant. (rF++)
You are vulnerable to cold. (rC-)
You float through the air rather than walking.
You learn spells naturally, not from books.
Your magical power is your life essence.
You have superior vitality. (+4 MHP)


Message History

* * * LOW HITPOINT WARNING * * *
The wraith attacks as it pursues you! The wraith hits you but does no damage.
Okay, then.
It was a potion of heal wounds.
You feel much better. The wraith hits you! The wraith drains your vigour!
You feel as though you will be slow longer.
The wraith hits you!
* * * LOW HITPOINT WARNING * * *
Casting: Flame Wave (dangerous; 1% risk of failure)
Confirm with . or Enter, or press ? or * to list all spells.
Casting: Flame Wave (dangerous; 1% risk of failure)
Press: ? - help, Dir - look around, f - activate A wave of flame ripples out!
The flame wave engulfs the wraith!
The wraith is heavily damaged. (Press . to intensify the flame waves.)
* * * LOW HITPOINT WARNING * * *
You block the wraith's attack.
A wave of flame ripples out!
The flame wave engulfs the wraith!
The wraith is almost destroyed.
The flame wave engulfs the komodo dragon!
The komodo dragon is moderately wounded.
The flame wave engulfs something!
* * * LOW HITPOINT WARNING * * *
The wraith barely misses you.
An orange demon comes into view.
You block the wraith's attack.
A wave of flame ripples out!
The flame wave engulfs the wraith!
You destroy the wraith!
Makhleb accepts your kill.
The flame wave engulfs the komodo dragon!
The komodo dragon is heavily wounded.
The flame wave engulfs something!
Makhleb accepts your kill.
Reactivating autopickup.
You feel a bit more experienced.
* * * LOW HITPOINT WARNING * * *
You finish channelling waves of flame.
You hear a shout!
The komodo dragon bites you!
You die...

.........#####.).....#####
..####.....s.......).....#
#....####....).......#
#.##.# ###..<.......#
##.##.## #..........#
#6.##..## #..........# ...
#.####..# #..........#
.... #.# ##.# #......[...#
#.. #s# #@####....o.....#
..#.. #k#
#.l.##..........#
..:#.##.###
###$##..........#
..#..§....#
#..#####)###### #.D.9...>#
##.4.# #.# .......?..#
###†###.# ##........#
#.....# ........$.#
#..#### .#........# #..#


You could see an orange demon and a komodo dragon.

Vanquished Creatures
  Amaemon (D:8)
  Pikel (D:7)
  A hornet (D:7)
  A wyvern (D:8)
  A yak (D:8)
  Eustachio (D:5)
  A wraith (D:8)
  A steam dragon (D:8)
  A black bear (D:6)
  2 orc warriors
  2 ice beasts
  2 centaurs
  3 ogres
  2 lemures (D:8)
  A phantom (D:5)
  4 elf zombies (Ossuary)
  A kobold brigand (D:7)
  A weeping skull (Ossuary)
  4 bullfrogs
  4 gnoll sergeants
  2 scorpions (D:6)
  A water moccasin zombie (D:5)
  2 burial acolytes (Ossuary)
  A killer bee (D:8)
  A howler monkey (D:6)
  A centaur zombie (Ossuary)
  A bombardier beetle (D:3)
  2 bullfrog zombies (D:5)
  4 orc priests
  4 hounds
  4 jellies
  Ijyb (D:3)
  A sleepcap (D:6)
  5 iguanas
  5 orc wizards
  A scorpion zombie (D:5)
  5 hound zombies
  2 mummies (Ossuary)
  A howler monkey zombie (D:5)
  17 gnolls
  5 adders
  A shadow imp (D:7)
  2 white imps
  An ufetubus (D:7)
  2 ribbon worms
  3 dart slugs
  28 orcs
  5 bats
  11 endoplasms
  2 giant cockroaches
  5 gnoll zombies (Ossuary)
  12 goblins
  8 hobgoblins
  16 jackals
  6 kobolds
  5 quokkas
  3 ball pythons
  4 frilled lizards
  A goblin zombie (D:6)
  3 rats
  A rat zombie (D:6)
220 creatures vanquished.

Vanquished Creatures (collateral kills)
  A gnoll (D:6)
1 creature vanquished.

Vanquished Creatures (others)
  398 foxfires
398 creatures vanquished.

Grand Total: 619 creatures vanquished

Notes
Turn   | Place    | Note
-------+----------+-------------------------------------------
     0 | D:1      | gohu the Djinni Fire Elementalist began the quest for the
                  | Orb.
     0 | D:1      | gohu set off with the following spells memorised: Foxfire,
                  | Scorch, Volatile Blastmotes, Inner Flame, Flame Wave.
     0 | D:1      | Reached XP level 1. HP: 15/15 MP: 0/0
     1 | D:1      | Noticed an electric eel
   151 | D:1      | Reached XP level 2. HP: 21/21 MP: 0/0
   341 | D:1      | Reached XP level 3. HP: 23/25 MP: 0/0
   341 | D:1      | Learned a level 1 spell: Shock
   996 | D:2      | Reached XP level 4. HP: 30/31 MP: 0/0
  1373 | D:2      | Found a faded altar of an unknown god.
  1912 | D:3      | Reached XP level 5. HP: 31/35 MP: 0/0
  1912 | D:3      | Learned a level 2 spell: Static Discharge
  2134 | D:3      | Reached skill level 5 in Spellcasting
  2134 | D:3      | Reached skill level 5 in Conjurations
  2134 | D:3      | Reached skill level 5 in Hexes
  2134 | D:3      | Reached skill level 5 in Summonings
  2134 | D:3      | Reached skill level 5 in Necromancy
  2134 | D:3      | Reached skill level 5 in Translocations
  2134 | D:3      | Reached skill level 5 in Fire Magic
  2134 | D:3      | Reached skill level 5 in Ice Magic
  2134 | D:3      | Reached skill level 5 in Air Magic
  2134 | D:3      | Reached skill level 5 in Earth Magic
  2134 | D:3      | Reached skill level 5 in Alchemy
  2619 | D:3      | Reached XP level 6. HP: 39/40 MP: 0/0
  2687 | D:3      | Noticed Ijyb
  2754 | D:3      | Killed Ijyb
  3140 | D:4      | Found a glowing silver altar of Zin.
  3233 | D:4      | Found a staircase to the Ecumenical Temple.
  3238 | D:4      | Noticed an ogre
  3934 | Temple   | Entered the Ecumenical Temple
  3947 | Temple   | Became a worshipper of Makhleb the Destroyer
  3990 | D:4      | Reached XP level 7. HP: 36/45 MP: 0/0
  3990 | D:4      | Learned a level 3 spell: Tukima's Dance
  4438 | D:5      | Entered Level 5 of the Dungeon
  4512 | D:5      | Noticed Eustachio
  4522 | D:5      | Killed Eustachio
  4828 | D:5      | Reached XP level 8. HP: 30/50 MP: 0/0
  5296 | D:5      | Found a basalt altar of Yredelemnul.
  5478 | D:5      | Reached * piety under Makhleb
  5860 | D:6      | Reached XP level 9. HP: 21/55 MP: 0/0
  5860 | D:6      | Learned a level 4 spell: Summon Blazeheart Golem
  5906 | D:6      | Found a sand-covered staircase.
  5916 | Ossuary  | Entered an ossuary
  6415 | Ossuary  | Reached ** piety under Makhleb
  6735 | D:6      | Reached skill level 10 in Spellcasting
  6735 | D:6      | Reached skill level 10 in Conjurations
  6735 | D:6      | Reached skill level 10 in Hexes
  6735 | D:6      | Reached skill level 10 in Summonings
  6735 | D:6      | Reached skill level 10 in Necromancy
  6735 | D:6      | Reached skill level 10 in Translocations
  6735 | D:6      | Reached skill level 10 in Fire Magic
  6735 | D:6      | Reached skill level 10 in Ice Magic
  6735 | D:6      | Reached skill level 10 in Air Magic
  6735 | D:6      | Reached skill level 10 in Earth Magic
  6735 | D:6      | Reached skill level 10 in Alchemy
  7119 | D:6      | Reached XP level 10. HP: 60/60 MP: 0/0
  7153 | D:6      | Found an iron altar of Okawaru.
  7224 | D:6      | Found a snail-covered altar of Cheibriados.
  7322 | D:6      | Noticed diceflayer's ghost (novice DsFi)
  7322 | D:6      | Noticed a kobold demonologist
  7323 | D:6      | Found a runed translucent gate.
  7323 | D:6      | Found a runed translucent gate.
  7323 | D:6      | Found a runed translucent gate.
  8122 | D:7      | Found a broken altar of Ashenzari.
  8255 | D:7      | Reached *** piety under Makhleb
  8334 | D:7      | Found Tykhliomm's Weapon Shoppe.
  8376 | D:7      | Reached skill level 1 in Fighting
  8376 | D:7      | Reached skill level 1 in Armour
  8376 | D:7      | Reached skill level 1 in Shields
  8376 | D:7      | Reached skill level 1 in Invocations
  8380 | D:7      | HP: 3/62 [orc warrior/+0 dire flail (7)]
  8805 | D:8      | Noticed Pikel
  8812 | D:7      | Killed Pikel
  9140 | D:8      | Noticed Amaemon
  9141 | D:8      | Noticed a komodo dragon
  9196 | D:8      | Killed Amaemon
  9220 | D:8      | HP: 3/67 [wraith (11)]
  9224 | D:8      | Noticed an orange demon
  9225 | D:8      | Slain by a komodo dragon

Illustrated notes

Levels and vault maps discovered:
D:1:      arrival_aquarium_a, layout_rooms
D:2:      layout_loops_cross, hellmonk_ecumenical_altar_pennies_from_heaven,
          basic_altar, lemuel_flame_loot_1
D:3:      kennysheep_goblin_castle, layout_loops_ring
D:4:      nicolae_cairo_tiling, layout_basic, mainiacjoe_overflow_paths,
          minmay_temple_entry_proselytizer, serial_corexii_hall,
          corexii_hall_statues_l, corexii_hall_statues_u,
          chequers_hall_statues_y, corexii_hall_statues_s,
          chequers_hall_statues_wall_a, corexii_hall_statues_u, st_stairs_13
D:5:      layout_basic, nicolae_yredelemnul_corpse_copse, uniq_eustachio
D:6:      layout_basic, lemuel_doored_altar, kennysheep_little_box,
          enter_ossuary_4, gammafunk_ghost_nasty_kobolds,
          amcnicky_mini_rare_corridor_liquid, grunt_ministairs_9
D:7:      layout_rooms, nicolae_ashenzari_panopticon, serial_shops, shop,
          hangedman_minor_gate_pass
D:8:      cheibrodos_fzero, layout_rooms, uniq_pikel, uniq_psyche, uniq_amaemon,
          uniq_jeremiah
Temple:   nicolae_temple_superstar

Skill      XL: |  1  2  3  4  5  6  7  8  9 10 |
---------------+-------------------------------+-----
Spellcasting   | 4 5 6 7 8 10 11 | 11.2
Conjurations   | 4 5 6 7 8 10 11 | 11.2
Hexes          | 4 5 6 7 8 10 11 | 11.2
Summonings     | 4 5 6 7 8 10 11 | 11.2
Necromancy     | 4 5 6 7 8 10 11 | 11.2
Translocations | 4 5 6 7 8 10 11 | 11.2
Fire Magic     | 4 5 6 7 8 10 11 | 11.2
Ice Magic      | 4 5 6 7 8 10 11 | 11.2
Air Magic      | 4 5 6 7 8 10 11 | 11.2
Earth Magic    | 4 5 6 7 8 10 11 | 11.2
Alchemy        | 4 5 6 7 8 10 11 | 11.2
Fighting       | 3 |  3.2
Armour         | 3 |  3.2
Shields        | 3 |  3.2
Invocations    | 3 |  3.2
Dodging        | |  2.1
Stealth        | |  1.5

Action                     |  1- 3 |  4- 6 |  7- 9 | 10-12 || total
---------------------------+-------+-------+-------+-------++-------
  Melee: Unarmed           |       |     1 |     1 |       ||     2
   Cast: Foxfire           |    83 |    85 |    37 |    37 ||   242
         Scorch            |       |    42 |    90 |    16 ||   148
         Volatile Blastmot |       |     9 |    22 |    18 ||    49
         Tukima's Dance    |       |       |     3 |       ||     3
         Flame Wave        |       |       |     8 |    11 ||    19
         Summon Blazeheart |       |       |       |     5 ||     5
    Use: Scroll            |       |       |     2 |       ||     2
         Potion            |       |       |       |     1 ||     1
 Armour: Robe              |    18 |    45 |    78 |    39 ||   180
  Dodge: Dodged            |    21 |   118 |   149 |    24 ||   312
  Block: Buckler           |       |       |       |     5 ||     5
